Map: Fields of Death

Players

Amix - Winner!

  • Race: Zerg Zerg
  • Spawn Location: 7:00

Abrakadabra - Winner!

  • Race: Zerg Zerg
  • Spawn Location: 6:00

A.I. 2 (Very Hard)

  • Race: Terran Terran
  • Spawn Location: 12:00

A.I. 3 (Very Hard)

  • Race: Zerg Zerg
  • Spawn Location: 12:00

VOD

Have the link to the VOD?

Description

Time

  • Played on: Nov. 26, 2016, 5:43 a.m.
  • Length: 21:01
Show
View Real Time Build Order
Export as new Build Order

Amix Zerg - Winner!

Build Orders: Pool First 

Get SALT Encoding   

  12  0:01  Drone  
  13  0:10  Drone  
  14  0:18  Overlord  
  14  0:33  Drone, Extractor  
  15  0:36  Drone x2  
  15  0:40  Extractor  
  16  0:44  Drone  
  17  0:55  Spawning Pool  
  16  0:57  Drone  
  17  1:29  Drone x2, Hatchery  
  18  1:42  Drone x2  
  18  1:44  Metabolic Boost  
  20  1:52  Overlord  
  20  2:02  Queen  
  22  2:10  Drone  
  22  2:11  Evolution Chamber  
  23  2:15  Drone  
  23  2:23  Drone  
  24  2:34  Drone  
  24  2:36  Zerg Melee Weapons Level 1  
  25  2:44  Queen  
  25  2:45  Overlord  
  27  2:52  Zergling x2  
  28  3:01  Baneling Nest  
  28  3:02  Zergling x4  
  28  3:03  Zergling x2  
  32  3:20  Drone x5  
  32  3:23  Queen  
  37  3:48  Zergling x10  
  34  4:20  Baneling x3  
  34  4:22  Zergling x2  
  34  4:24  Overlord x4  
  35  4:50  Zergling x10  
  40  5:03  Zergling x4  
  38  5:24  Drone x4  
  38  5:26  Zerg Ground Armor Level 1  
  42  5:34  Drone x2, Roach Warren  
  43  5:41  Drone x6  
  49  5:44  Lair  
  49  5:45  Extractor  
  49  5:49  Baneling x3  
  48  5:50  Baneling x4  
  48  6:12  Zergling x14  
  48  6:13  Hatchery, Zergling x6  
  57  6:22  Evolution Chamber  
  57  6:25  Drone x2, Extractor  
  57  6:39  Drone x6  
  63  6:43  Spine Crawler  
  63  6:44  Glial Reconstitution, Spine Crawler  
  63  6:45  Spine Crawler x2  
  59  6:52  Baneling x5  
  59  6:53  Drone x2  
  59  6:54  Drone  
  62  7:00  Spine Crawler  
  61  7:11  Drone x5, Spine Crawler  
  61  7:12  Drone x2  
  67  7:17  Overlord  
  67  7:20  Pneumatized Carapace  
  67  7:23  Overlord  
  67  7:36  Roach x6  
  79  7:39  Roach  
  81  7:45  Zerg Missile Weapons Level 1  
  81  7:50  Extractor  
  80  7:53  Extractor  
  79  7:58  Zerg Melee Weapons Level 2  
  79  8:05  Drone x2  
  79  8:06  Drone x7  
  79  8:07  Drone  
  89  8:15  Overlord x2  
  89  8:22  Drone, Extractor  
  89  8:31  Overlord x3  
  89  8:32  Overlord x2  
  89  8:40  Roach x3  
  95  8:44  Queen x2  
  95  8:46  Queen  
  101  9:06  Roach x3  
  101  9:07  Zergling x14  
  114  9:11  Baneling x8  
  114  9:12  Baneling x2  
  114  9:15  Centrifical Hooks  
  118  9:52  Roach  
  118  9:53  Roach x7, Extractor  
  118  9:54  Roach, Hatchery  
  118  9:57  Extractor  
  129  10:00  Hatchery  
  128  10:24  Roach x2  
  128  10:25  Roach x5, Overlord x3  
  128  10:26  Overlord  
  142  10:31  Zerg Ground Armor Level 2  
  142  10:48  Drone x6  
  142  10:49  Drone x4  
  127  11:35  Overlord x5  
  127  11:36  Overlord  
  127  11:41  Drone x2  
  127  11:42  Drone x7  
  136  12:01  Baneling x7  
  136  12:02  Baneling x7  
  104  12:24  Roach  
  104  12:25  Roach x5  
  104  12:26  Roach x11  
  138  12:35  Infestation Pit  
  137  12:37  Burrow  
  137  12:44  Drone x7  
  140  12:48  Extractor  
  140  12:49  Extractor  
  140  12:50  Roach x3  
  148  12:55  Zerg Missile Weapons Level 2  
  148  12:57  Ravager x12, Tunneling Claws  
  148  12:58  Ravager x16  
  176  13:01  Ravager x3  
  176  13:04  Roach x7  
  176  13:05  Roach  
  194  13:11  Queen  
  198  13:17  Hive  
  196  13:32  Roach  
  196  14:26  Zergling x6  
  199  14:49  Zerg Ground Armor Level 3  
  197  15:55  Hydralisk Den  
  196  15:57  Hydralisk Den  
  196  16:02  Unknown  
  195  16:06  Unknown  
  195  16:49  Zerg Missile Weapons Level 3  
  195  16:52  Adrenal Glands  
  161  17:21  Hydralisk x8  
  161  17:22  Hydralisk x9  
  125  17:23  Hydralisk x9  
  125  17:24  Hydralisk x8  
  125  17:25  Hydralisk  
  171  17:30  Grooved Spines, Muscular Augments  
  171  17:41  Spore Crawler  
  171  17:42  Drone x4  
  171  17:43  Drone, Spore Crawler  
  174  17:44  Spore Crawler  
  174  17:45  Spore Crawler  
  172  18:14  Hydralisk x6  
  172  18:15  Hydralisk x8  
Show
View Real Time Build Order
Export as new Build Order

Abrakadabra Zerg - Winner!

Build Orders: Pool First 

Get SALT Encoding   

  12  0:02  Drone  
  13  0:09  Drone  
  14  0:21  Overlord  
  14  0:40  Spawning Pool  
  14  0:42  Drone, Extractor  
  13  0:45  Drone  
  13  0:47  Drone  
  15  0:56  Drone  
  16  1:07  Drone  
  17  1:16  Drone  
  18  1:23  Extractor  
  17  1:27  Queen  
  17  1:29  Overlord  
  19  1:37  Drone  
  20  1:49  Drone  
  21  2:08  Lair  
  21  2:12  Drone  
  23  2:15  Drone  
  23  2:16  Hatchery  
  23  2:20  Drone  
  23  2:33  Spine Crawler  
  23  2:34  Drone  
  24  2:37  Drone  
  24  2:39  Drone  
  25  2:47  Overlord  
  25  3:00  Drone  
  25  3:03  Drone  
  27  3:13  Spine Crawler  
  27  3:18  Spire  
  25  3:28  Spire  
  25  3:29  Drone  
  25  3:39  Queen  
  27  3:43  Drone  
  27  3:46  Drone  
  29  3:57  Spine Crawler  
  28  4:09  Spine Crawler  
  27  4:22  Spine Crawler  
  24  4:39  Queen  
  24  4:41  Zerg Flyer Weapons Level 1  
  24  4:42  Zerg Flyer Armor Level 1  
  24  4:44  Drone x3  
  24  4:45  Drone  
  30  4:50  Drone  
  31  5:21  Mutalisk x4  
  39  5:30  Extractor  
  39  5:33  Extractor  
  39  5:34  Drone  
  39  5:35  Drone x5  
  43  5:54  Hatchery  
  42  5:58  Mutalisk  
  42  6:02  Overlord  
  44  6:10  Overlord  
  44  6:11  Overlord  
  44  6:20  Queen  
  46  6:32  Drone x2  
  48  6:33  Drone x3  
  48  6:39  Zerg Flyer Weapons Level 2  
  51  6:48  Zerg Flyer Armor Level 2  
  51  6:53  Drone  
  51  6:54  Drone  
  53  6:56  Drone  
  54  7:07  Drone  
  55  7:15  Mutalisk x2  
  55  7:16  Mutalisk x2  
  63  7:29  Drone x2  
  65  7:33  Extractor  
  64  7:42  Mutalisk x3  
  70  7:54  Drone x4  
  74  8:02  Overlord x6  
  74  8:23  Extractor  
  74  8:26  Drone  
  74  8:27  Drone x4  
  76  8:31  Mutalisk x2  
  76  8:32  Mutalisk x3  
  88  8:40  Infestation Pit  
  87  9:01  Mutalisk x4  
  95  9:24  Mutalisk x4  
  99  9:56  Mutalisk x5  
  109  10:04  Hive  
  109  10:13  Mutalisk x2  
  111  12:27  Zerg Flyer Weapons Level 3  
  111  12:28  Zerg Flyer Armor Level 3  
  111  12:33  Overlord x7  
  111  12:34  Overlord x3  
  109  13:28  Mutalisk  
  109  13:29  Mutalisk x6  
  109  13:30  Mutalisk x6  
  109  13:31  Mutalisk  
  129  14:55  Mutalisk x5  
  129  14:56  Mutalisk x4  
  109  18:15  Mutalisk x6  
  109  18:16  Mutalisk x6  
  109  18:17  Mutalisk x6  
  141  18:57  Mutalisk x2  
  141  18:58  Mutalisk x6  
  141  18:59  Mutalisk  
Show
View Real Time Build Order
Export as new Build Order

A.I. 2 (Very Hard) Terran 

Build Orders: MMM Bio 

Get SALT Encoding   

  12  0:01  SCV  
  13  0:13  SCV  
  14  0:18  Supply Depot  
  14  0:25  SCV  
  15  0:40  SCV  
  16  0:43  Barracks  
  16  0:52  SCV  
  17  1:04  SCV  
  18  1:12  Refinery  
  18  1:15  Supply Depot  
  18  1:16  SCV  
  19  1:28  SCV  
  19  1:30  Marine  
  21  1:43  Command Center  
  21  2:07  Barracks, SCV  
  22  2:11  Marine  
  23  2:17  Factory  
  23  2:20  SCV  
  24  2:25  Supply Depot  
  24  2:31  Marine  
  24  2:32  SCV  
  26  2:44  SCV  
  27  2:48  Marine  
  28  2:56  SCV, Orbital Command  
  29  3:02  Refinery, Factory Tech Lab  
  29  3:12  Orbital Command  
  29  3:15  Marine  
  29  3:17  Marine  
  31  3:23  SCV  
  32  3:32  Marine  
  33  3:35  Marine, SCV  
  33  3:38  SCV  
  36  3:47  SCV  
  36  3:48  Barracks  
  37  3:50  Marine, SCV  
  37  3:53  Barracks Tech Lab  
  39  3:59  SCV  
  39  4:02  SCV, Supply Depot  
  41  4:09  Barracks Tech Lab  
  41  4:11  Marine, SCV  
  41  4:13  Stimpack  
  41  4:14  SCV  
  44  4:17  Siege Tank  
  44  4:23  SCV  
  48  4:27  Combat Shields  
  48  4:28  Engineering Bay  
  48  4:29  Marine  
  48  4:35  Marine  
  48  4:37  Marine  
  48  4:43  SCV  
  48  4:46  SCV  
  48  4:47  Marine  
  50  4:54  Marauder, Marine  
  50  4:55  SCV, Missile Turret  
  50  4:56  Refinery  
  50  4:59  SCV, Missile Turret  
  55  5:01  Supply Depot  
  55  5:05  Marauder  
  57  5:07  SCV  
  57  5:11  SCV  
  57  5:12  Marine  
  60  5:15  Marauder  
  62  5:22  Terran Infantry Weapons Level 1  
  62  5:23  SCV, Siege Tank  
  62  5:25  Supply Depot  
  62  5:27  Marauder, SCV  
  69  5:31  Barracks Reactor  
  69  5:35  SCV  
  70  5:40  Refinery  
  70  5:46  Marine  
  70  5:47  SCV x2  
  70  5:48  Marauder  
  70  5:49  Supply Depot  
  75  5:58  Engineering Bay  
  75  5:59  SCV  
  75  6:00  Command Center, Missile Turret  
  76  6:04  Marine  
  76  6:07  SCV  
  76  6:11  Marauder, SCV  
  81  6:14  Supply Depot  
  81  6:19  SCV, Siege Tank  
  81  6:23  SCV  
  81  6:24  Terran Infantry Armor Level 1  
  86  6:31  Missile Turret  
  86  6:35  Barracks  
  86  6:36  Marauder  
  86  6:38  Starport  
  86  6:39  Supply Depot  
  88  6:40  Marauder  
  90  6:47  Concussive Shells  
  90  6:51  Siege Tank  
  93  7:01  Marine x2, Marauder  
  95  7:02  Marauder, Missile Turret  
  95  7:05  Supply Depot  
  99  7:13  SCV  
  99  7:14  SCV x2  
  102  7:15  Medivac  
  106  7:23  Marauder  
  106  7:24  Siege Tank  
  106  7:25  SCV, Missile Turret  
  106  7:26  SCV, Orbital Command, Missile Turret  
  111  7:31  Supply Depot  
  111  7:36  Marauder  
  113  7:37  SCV  
  113  7:39  SCV  
  115  7:46  Starport Reactor  
  115  7:49  SCV  
  115  7:51  SCV  
  117  7:52  SCV  
  117  7:56  Siege Tank  
  117  7:57  Supply Depot  
  121  8:02  SCV, Armory  
  121  8:03  SCV  
  121  8:05  SCV  
  124  8:13  Refinery  
  124  8:14  SCV  
  124  8:15  SCV  
  124  8:17  SCV  
  127  8:22  Supply Depot, Medivac  
  127  8:24  Refinery  
  127  8:26  SCV  
  130  8:27  Widow Mine  
  130  8:28  Armory  
  132  8:36  SCV  
  133  8:47  SCV, Supply Depot  
  134  8:49  Terran Infantry Weapons Level 2, Terran Vehicle And Ship Armor Level 1  
  134  8:50  Medivac  
  134  8:53  Command Center  
  136  8:56  Widow Mine  
  136  9:01  Factory  
  138  9:10  Starport  
  138  9:13  Supply Depot  
  138  9:15  Terran Vehicle Weapons Level 1  
  138  9:20  Marine, Liberator  
  138  9:21  Marine  
  138  9:22  Hi-Sec Auto Tracking  
  138  9:23  Marine x2  
  142  9:24  Widow Mine  
  142  9:28  Liberator  
  142  9:29  Missile Turret  
  142  9:31  Medivac, Missile Turret  
  146  9:35  Marine  
  146  9:37  Supply Depot  
  150  9:44  Widow Mine  
  152  9:49  Marauder x2  
  159  9:54  Hellion  
  161  10:03  Liberator  
  161  10:04  Supply Depot  
  86  10:07  Medivac  
  161  10:10  Marauder  
  161  10:11  Marauder  
  161  10:12  Liberator  
  161  10:13  Hellion  
  169  10:15  Hellion  
  169  10:20  Liberator  
  174  10:23  Refinery  
  174  10:29  Missile Turret  
  174  10:33  Barracks  
  174  10:35  Hellion, Refinery  
  179  10:36  Hellion  
  179  10:38  Supply Depot, Command Center  
  183  10:43  SCV  
  183  10:46  Liberator  
  184  10:54  SCV, Liberator  
  184  10:59  Factory Tech Lab  
  184  11:03  Liberator  
  189  11:11  Marauder  
  189  11:13  Refinery  
  189  11:15  Marauder  
  189  11:18  Hellion  
  137  11:27  Marine  
  137  11:28  Marine x2  
  137  11:29  SCV, Liberator  
  137  11:31  SCV x2, Siege Tank  
  137  11:32  Marauder  
  143  11:37  Marauder, Liberator  
  143  11:39  Siege Tank  
  140  11:41  SCV  
  140  11:43  SCV x2  
  140  11:46  Liberator  
  146  11:51  SCV  
  146  11:53  SCV  
  146  11:54  Marauder  
  150  11:55  SCV  
  150  11:57  SCV  
  150  11:58  Marauder  
  150  11:59  Missile Turret  
  156  12:03  Hellion, SCV  
  156  12:05  SCV  
  156  12:06  Command Center  
  156  12:07  SCV  
  164  12:09  SCV  
  164  12:11  Liberator, Siege Tank  
  164  12:15  Marauder, Missile Turret  
  170  12:19  Marauder  
  170  12:22  Missile Turret  
  172  12:24  Refinery x2, Siege Tank  
  172  12:29  Liberator  
  178  12:36  Marauder  
  180  12:39  Starport Tech Lab  
  180  12:40  Liberator  
  180  12:41  Marauder  
  180  12:44  Hellion  
  187  12:54  Liberator  
  187  12:57  SCV  
  187  12:58  Marauder  
  192  13:02  Marauder  
  194  13:07  SCV  
  194  13:09  Command Center  
  197  13:19  Marauder  
  199  13:21  Missile Turret  
  199  13:30  Infernal Pre-Igniter  
  199  13:39  Missile Turret  
  199  13:44  Missile Turret  
  199  13:50  Factory, Planetary Fortress  
  199  13:53  Missile Turret  
  199  13:56  Missile Turret  
  199  14:00  Missile Turret  
  199  14:03  Raven  
  199  14:08  Marauder, Liberator  
  199  14:09  Marauder  
  196  14:10  SCV, Siege Tank  
  196  14:17  Siege Tank  
  196  14:20  Missile Turret  
  193  14:29  Marauder, Command Center  
  193  14:31  Marauder  
  200  14:41  Missile Turret  
  200  14:47  Terran Infantry Weapons Level 3  
  199  14:54  Missile Turret  
  199  14:56  Terran Infantry Armor Level 2  
  199  15:11  Factory Tech Lab, Missile Turret  
  199  15:18  Raven  
  199  15:19  High Capacity Fuel Tanks  
  198  15:32  Marauder x2  
  198  15:33  SCV x2  
  198  15:34  SCV  
  188  15:40  Missile Turret  
  185  15:45  SCV x2  
  185  15:49  SCV  
  188  15:55  Terran Vehicle Weapons Level 2  
  188  16:02  Command Center  
  188  16:06  Marauder  
  189  16:17  Command Center  
  188  16:36  Marauder  
  189  16:46  Missile Turret  
  189  16:55  Command Center  
  189  16:57  Liberator  
  189  17:00  Liberator  
  189  17:03  Marauder, Liberator  
  189  17:07  Supply Depot  
  188  17:09  Terran Vehicle And Ship Armor Level 2  
  188  17:14  Terran Infantry Armor Level 3  
  188  17:18  Marine, Siege Tank  
  166  17:23  Siege Tank  
  166  17:26  Missile Turret  
  163  17:33  Missile Turret  
  157  17:40  Marauder, Liberator  
  157  17:42  Liberator  
  151  17:45  Liberator  
  151  17:46  Marine x3  
  151  17:47  Marine x2  
  128  18:00  Refinery  
  128  18:01  Marine  
  128  18:03  Marine  
  128  18:04  Marine, Siege Tank  
  128  18:05  Marine x2  
  141  18:06  Marine  
  141  18:12  SCV  
  144  18:13  Missile Turret  
  144  18:15  SCV  
  144  18:18  Marine  
  143  18:21  Marine  
  143  18:23  Liberator  
  143  18:25  Liberator  
  131  18:28  Liberator  
  127  18:36  SCV  
  131  18:44  SCV  
  131  18:45  SCV  
  131  18:46  SCV  
  132  18:48  SCV  
  102  18:56  SCV  
  3  20:37  Command Center  
Show
View Real Time Build Order
Export as new Build Order

A.I. 3 (Very Hard) Zerg 

Build Orders: Pool First 

Get SALT Encoding   

  12  0:01  Drone  
  13  0:12  Overlord  
  13  0:16  Drone  
  14  0:30  Drone  
  15  0:41  Drone, Spawning Pool  
  15  0:45  Drone  
  16  0:50  Drone  
  16  0:54  Extractor  
  16  0:56  Drone  
  17  1:06  Drone  
  18  1:17  Drone  
  19  1:29  Roach Warren  
  19  1:30  Queen  
  19  1:31  Drone  
  21  1:38  Zergling x2  
  22  1:50  Overlord  
  22  1:59  Overlord  
  22  2:11  Roach  
  24  2:21  Roach  
  26  2:32  Roach  
  32  2:37  Roach x3  
  36  2:44  Roach  
  36  2:54  Overlord  
  36  3:06  Roach  
  36  3:08  Overlord  
  38  3:13  Roach x2  
  38  3:17  Roach  
  44  3:28  Roach  
  46  3:39  Roach  
  46  3:40  Roach x2, Overlord  
  51  3:50  Zergling x2, Extractor  
  51  4:01  Zergling x2  
  44  4:12  Drone x3  
  44  4:13  Drone  
  42  4:18  Lair  
  42  4:24  Drone  
  43  4:34  Drone  
  44  4:44  Drone x2  
  46  4:59  Zergling x2  
  42  5:09  Roach  
  42  5:10  Hatchery  
  42  5:11  Drone  
  42  5:13  Roach  
  42  5:18  Roach  
  42  5:21  Roach  
  38  5:25  Roach  
  40  5:29  Roach  
  42  6:01  Zergling x2  
  42  6:03  Roach  
  44  6:07  Roach  
  46  6:12  Roach  
  46  6:17  Roach  
  50  6:22  Drone x2  
  50  6:23  Drone x3  
  55  6:28  Ravager  
  55  6:32  Drone  
  57  6:33  Overlord  
  57  6:34  Extractor  
  57  6:37  Hydralisk Den  
  57  6:38  Infestation Pit  
  54  6:40  Evolution Chamber  
  54  6:43  Drone  
  54  6:44  Drone  
  55  6:50  Drone, Ravager  
  55  6:51  Roach  
  55  6:52  Drone  
  55  6:54  Drone  
  61  6:56  Drone  
  62  7:04  Drone  
  62  7:06  Drone  
  64  7:15  Drone  
  65  7:17  Drone, Overseer  
  65  7:22  Hydralisk, Roach  
  68  7:23  Roach  
  68  7:25  Overlord  
  68  7:29  Drone  
  73  7:37  Infestor  
  73  7:43  Hydralisk, Extractor  
  76  7:47  Overlord  
  76  7:49  Hatchery  
  76  7:50  Drone  
  76  7:54  Drone x2, Infestor  
  76  7:58  Drone  
  81  8:02  Drone  
  82  8:08  Overlord  
  82  8:13  Drone  
  82  8:19  Drone  
  84  8:23  Drone  
  84  8:25  Infestor  
  84  8:26  Drone x2  
  89  8:30  Overlord  
  89  8:34  Infestor  
  89  8:36  Zerg Missile Weapons Level 1  
  89  8:41  Roach  
  93  8:46  Roach  
  95  8:50  Evolution Chamber  
  95  8:51  Overlord  
  94  8:56  Drone  
  94  8:57  Hydralisk  
  94  8:58  Spine Crawler  
  94  8:59  Drone  
  94  9:00  Hydralisk  
  99  9:03  Drone  
  99  9:04  Drone  
  99  9:08  Drone  
  102  9:11  Drone  
  102  9:13  Drone  
  102  9:15  Zerg Ground Armor Level 1  
  104  9:18  Spine Crawler  
  104  9:19  Drone  
  104  9:22  Drone  
  104  9:24  Drone  
  106  9:25  Lurker Den  
  106  9:29  Drone  
  106  9:30  Overlord  
  107  9:32  Drone  
  107  9:34  Drone  
  107  9:35  Drone  
  107  9:36  Drone  
  111  9:41  Drone  
  111  9:43  Drone  
  111  9:45  Drone  
  113  9:52  Drone  
  114  9:54  Overlord  
  114  9:56  Drone  
  115  10:01  Roach x3  
  115  10:03  Spire  
  115  10:04  Drone  
  115  10:05  Drone  
  122  10:07  Roach  
  124  10:14  Overlord  
  124  10:15  Spore Crawler  
  124  10:19  Spore Crawler  
  124  10:20  Drone  
  123  10:21  Spore Crawler  
  123  10:22  Drone  
  121  10:34  Drone  
  119  10:38  Overlord  
  119  10:39  Hatchery  
  119  10:41  Drone  
  119  10:42  Drone  
  120  10:44  Drone  
  120  10:47  Drone  
  120  10:49  Drone  
  123  10:54  Spore Crawler  
  123  10:55  Drone  
  123  10:57  Spore Crawler  
  123  10:58  Drone  
  123  11:01  Hive  
  122  11:16  Mutalisk  
  122  11:17  Corruptor  
  124  11:26  Hatchery  
  124  11:28  Drone  
  124  11:31  Drone  
  124  11:32  Drone  
  126  11:36  Corruptor  
  128  11:40  Roach  
  128  11:43  Overlord  
  128  11:46  Roach  
  132  11:49  Roach  
  132  11:52  Mutalisk  
  127  12:06  Hatchery  
  122  12:21  Greater Spire  
  76  12:31  Zergling x4  
  76  12:32  Roach x2  
  82  12:56  Hatchery  
  81  13:01  Drone  
  82  13:09  Drone  
  83  13:16  Drone  
  72  14:21  Drone  
  72  14:24  Drone, Hatchery  
  74  14:27  Drone  
  74  14:29  Drone  
  58  14:57  Zergling x2  
  59  15:00  Hatchery  
  59  15:01  Hydralisk  
  60  15:07  Hydralisk  
  60  15:10  Drone  
  60  15:12  Drone  
  64  15:15  Drone  
  64  15:18  Drone  
  64  15:20  Drone  
  67  15:22  Drone  
  67  15:26  Drone  
  67  15:28  Drone  
  70  15:35  Corruptor  
  70  15:42  Corruptor  
  74  15:55  Roach  
  76  16:09  Hatchery  
  75  16:14  Roach  
  75  16:15  Brood Lord  
  79  16:23  Corruptor  
  31  17:55  Hatchery  
  20  18:44  Roach, Zergling x2  
  5  19:57  Drone  
  6  20:26  Hatchery  
  6  20:27  Drone  
Tags
 
Add a new tag
Caveats
  • Supply blocks, unpowered buildings, or Contaminate may cause inaccurate times.
  • Supply counts are checked every 10 seconds.